 Dungeon Sprint DCSS version 0.27-a0-394-g49c82dfaf2 (webtiles) character file.

Game seed: 10218632707548043476

24725 mhtbhm the Severer (level 12, 0/190 HPs)
             Began as a Minotaur Fighter on Feb 20, 2021.
             Was a High Priest of Trog.
             Slain by Antaeus (25 damage)
             ... in the Dungeon (Sprint VII: "The Pits").
             The game lasted 00:07:19 (3970 turns).

mhtbhm the Severer (Minotaur Fighter)               Turns: 3970, Time: 00:07:20

Health: 0/190      AC: 26    Str: 31    XL:     12   Next: 83%
Magic:  3/3        EV: 13    Int:  5    God:    Trog [*****.]
Gold:   34         SH: 16    Dex: 11    Spells: 11/11 levels left

rFire    + . .     SeeInvis .   a - +13 war axe of Intuition {antimagic, rPois rF+ Str+3}
rCold    + . .     Faith    .   c - +0 kite shield
rNeg     . . .     Spirit   .   b - +3 chain mail {rC+}
rPois    +         Reflect  .   (helmet restricted)
rElec    .         Harm     .   s - +2 cloak
rCorr    .         Rampage  .   u - +0 pair of gloves
Will     ++...     NoTele   +   t - +0 pair of boots
Stlth    ..........             (no amulet)
HPRegen  1.41/turn              o - +3 ring of strength
MPRegen  0.08/turn              p - +3 ring of protection

@: mighty, berserking (expiring), regenerating, hasted, very quick
A: retaliatory headbutt, horns 2
a: Renounce Religion, Berserk, Trog's Hand, Brothers in Arms


You were in the Dungeon.
You worshipped Trog.
Trog was extremely pleased with you.
You visited 1 branch You collected 34 gold pieces.

Inventory:

Hand Weapons
 a - the +13 war axe of Intuition (weapon) {antimagic, rPois rF+ Str+3}
   (Trog gifted it to you in the Dungeon)

   It reduces the magical energy of the wielder, and disrupts the spells and
   magical abilities of those hit.
   Natural abilities and divine invocations are not affected.
   It affects your strength (+3).
   It protects you from fire.
   It protects you from poison.
 w - the +8 war axe of Asurymen {vorpal, rPois Will+ Stlth-}
   (Trog gifted it to you in the Dungeon)

   It inflicts extra damage upon your enemies.
   It protects you from poison.
   It affects your willpower, your defense against some magical effects.
   It makes you less stealthy.
 x - a +7 morningstar
 H - a +4 vorpal broad axe
Armour
 b - a +3 chain mail of cold resistance (worn)
 c - a +0 kite shield (worn)
 n - a +1 scale mail of fire resistance
 s - a +2 cloak (worn)
 t - a +0 pair of boots (worn)
 u - a +0 pair of gloves (worn)
Jewellery
 o - a +3 ring of strength (left hand)
 p - a +3 ring of protection (right hand)
 z - a ring of positive energy
 B - a ring of willpower
 F - a ring of protection from fire
Wands
 m - a wand of digging (2)
 v - a wand of acid (10)
Scrolls
 l - a scroll of summoning
 y - 3 scrolls of identify
 C - 4 scrolls of fear
 D - 4 scrolls of enchant armour
 E - 2 scrolls of enchant weapon
Potions
 e - 9 potions of curing
 f - 9 potions of heal wounds
 g - 2 potions of haste
 h - 4 potions of magic
 i - 4 potions of berserk rage
 k - 2 potions of invisibility
 q - 2 potions of resistance
 r - a potion of mutation
Miscellaneous
 A - a phantom mirror
 G - a lightning rod (4/4)


   Skills:
 + Level 18.3 Fighting
 + Level 20.9 Axes
 + Level 16.0 Armour
 + Level 8.5 Dodging
 + Level 4.3 Stealth
 + Level 19.0 Shields


You had 11 spell levels left.
You didn't know any spells.
Your spell library was empty.

Dungeon Overview and Level Annotations

Branches:
Dungeon (1/1)

Altars:
Ashenzari
Cheibriados
Dithmenos
Elyvilon
Fedhas
Gozag
Hepliaklqana
Kikubaaqudgha
Makhleb
Nemelex Xobeh
Okawaru
Qazlal
Ru
Sif Muna
Trog
Uskayaw
Vehumet
Wu Jian
Xom
Yredelemnul
Zin
The Shining One
Beogh
Jiyva
Lugonu

Annotations:
D Antaeus


Innate Abilities, Weirdness & Mutations

You reflexively headbutt those who attack you in melee.
You have a pair of horns on your head.


Message History

Your cyclops rages.
You feel a strong urge to attack something.
You block Antaeus's attack. Antaeus hits you!! Antaeus freezes you! You resist.
Your cyclops rages.
You slice Antaeus!!
Antaeus's magic leaks into the air.
You headbutt Antaeus, but do no damage.
Antaeus is lightly wounded.
The ice encasing you melts away. Antaeus gestures at you.
The bolt of lightning hits you!!
The bolt of lightning hits your cyclops!!
Your stone giant hits Antaeus!!!
You slice Antaeus!!
Antaeus's magic leaks into the air.
You headbutt Antaeus!
Antaeus is lightly wounded.
Unknown command.
You hit Antaeus but do no damage.
Antaeus is lightly wounded.
Your stone giant hits Antaeus!!!
Antaeus falters for a moment.
Unknown command.
You hit Antaeus.
Antaeus's magic leaks into the air.
Antaeus is moderately wounded.
Your stone giant hits Antaeus!!
Unknown command.
You hit Antaeus.
Antaeus's magic leaks into the air.
Antaeus is moderately wounded.
Antaeus falters for a moment.
Unknown command.
You slash Antaeus!
Antaeus's magic leaks into the air.
Antaeus is moderately wounded.
Your stone giant hits Antaeus!!
Your cyclops rages.
You hit Antaeus but do no damage. You headbutt Antaeus.
Antaeus is moderately wounded.
Your stone giant hits Antaeus!!
Antaeus hits you!!! Antaeus freezes you!! You resist.
* * * LOW HITPOINT WARNING * * *
Antaeus hits you!
* * * LOW HITPOINT WARNING * * *
Antaeus freezes you!! You resist.
You die...

#+# #.# #'# #C# #[# #.#
#[#
######################'#
....[..........C@C.....#
................C......#
#####++##############).#
#..# #..# #..# #..# #..#
#..#


You could see Antaeus (ally target), a friendly stone giant (summoned, berserk)
and a friendly cyclops (summoned, berserk).

Vanquished Creatures
  A storm dragon (D)
  A nagaraja (D)
  A frost giant (D)
  A fire giant (D)
  A draconian knight (D)
  A spriggan defender (D)
  2 boulder beetles (D)
  An anaconda (D)
  2 two-headed ogres (D)
  A sun demon (D)
  A spriggan (D)
  2 deep trolls (D)
  A lindwurm (D)
  2 orc knights (D)
  A manticore (D)
  Maurice (D)
  2 black mambas (D)
  An elephant (D)
  2 guardian serpents (D)
  A komodo dragon (D)
  A kobold demonologist (D)
  3 yaktaurs (D)
  An ice devil (D)
  A freezing wraith (D)
  A hellwing (D)
  A troll (D)
  A red devil (D)
  2 hornets (D)
  A polar bear (D)
  A snapping turtle (D)
  7 dream sheep (D)
  A flying skull (D)
  2 ynoxinuls (D)
  A fire bat (D)
  A tarantella (D)
  5 yaks (D)
  A redback (D)
  A fire elemental (D)
  Grum (D)
  2 small abominations (D)
  A steam dragon (D)
  Edmund (D)
  A warg (D)
  An acid dragon (D)
  A soldier ant (D)
  A floating eye (D)
  An orc warrior (D)
  A centaur (D)
  4 wolves (D)
  A kobold brigand (D)
  A bullfrog (D)
  A gnoll sergeant (D)
  A scorpion (D)
  A quasit (D)
  An iron imp (D)
  An orc priest (D)
  A gnoll shaman (D)
  A hound (D)
  An iguana (D)
  Terence (D)
  A hell rat (D)
  2 worker ants (D)
  2 orc wizards (D)
  A mummy (D)
  10 gnolls (D)
  An adder (D)
  An adder simulacrum (D)
  3 orcs (D)
  2 giant cockroaches (D)
  11 jackals (D)
  4 quokkas (D)
  A frilled lizard (D)
  A goblin (D)
  A kobold (D)
  A leopard gecko zombie (D)
126 creatures vanquished.

Notes
Turn   | Place    | Note
-------+----------+-------------------------------------------
     0 | D        | mhtbhm the Minotaur Fighter began the quest for the Orb.
     0 | D        | Reached XP level 1. HP: 19/19 MP: 0/0
    20 | D        | Found a bloodstained altar of Trog.
    20 | D        | Found a shimmering blue altar of Sif Muna.
    20 | D        | Found a viscous altar of Jiyva.
    20 | D        | Found a hazy altar of Hepliaklqana.
    20 | D        | Found an opulent altar of Gozag.
    21 | D        | Found a glowing golden altar of the Shining One.
    21 | D        | Found a glowing silver altar of Zin.
    21 | D        | Found a basalt altar of Yredelemnul.
    21 | D        | Found a shimmering altar of Xom.
    21 | D        | Found an ornate altar of the Wu Jian Council.
    21 | D        | Found a sacrificial altar of Ru.
    21 | D        | Found a stormy altar of Qazlal.
    21 | D        | Found an iron altar of Okawaru.
    21 | D        | Found a sparkling altar of Nemelex Xobeh.
    21 | D        | Found a burning altar of Makhleb.
    21 | D        | Found a blossoming altar of Fedhas.
    21 | D        | Found a white marble altar of Elyvilon.
    21 | D        | Found a shadowy altar of Dithmenos.
    21 | D        | Found a snail-covered altar of Cheibriados.
    23 | D        | Found a radiant altar of Vehumet.
    23 | D        | Found a corrupted altar of Lugonu.
    23 | D        | Found a roughly hewn altar of Beogh.
    25 | D        | Became a worshipper of Trog the Wrathful
    68 | D        | Noticed a worker ant
    70 | D        | Reached XP level 2. HP: 23/28 MP: 1/1
    78 | D        | Reached * piety under Trog
    79 | D        | Reached skill level 5 in Fighting
    79 | D        | Reached skill level 3 in Axes
    79 | D        | Reached skill level 5 in Armour
    79 | D        | Reached skill level 5 in Shields
    79 | D        | Reached XP level 3. HP: 24/36 MP: 2/2
   333 | D        | Reached ** piety under Trog
   344 | D        | Reached *** piety under Trog
   405 | D        | Noticed a gnoll sergeant
   406 | D        | Noticed Edmund
   407 | D        | Noticed Terence
   408 | D        | Noticed a scorpion
   415 | D        | Killed Terence
   416 | D        | Reached skill level 4 in Axes
   416 | D        | Reached XP level 4. HP: 45/45 MP: 3/3
   419 | D        | Killed Edmund
   419 | D        | Reached **** piety under Trog
   420 | D        | Reached skill level 6 in Axes
   420 | D        | Reached XP level 5. HP: 49/53 MP: 4/4
   443 | D        | Reached XP level 6. HP: 22/61 MP: 5/5
   453 | D        | Reached skill level 7 in Axes
   453 | D        | Reached skill level 1 in Dodging
   459 | D        | Reached ***** piety under Trog
   491 | D        | Noticed a flying skull
   496 | D        | HP: 3/62 [flying skull (8)]
   502 | D        | Killed a flying skull
   503 | D        | Reached skill level 8 in Axes
   503 | D        | Reached skill level 10 in Armour
   503 | D        | Reached skill level 10 in Shields
   503 | D        | Reached XP level 7. HP: 21/69 MP: 6/6
   756 | D        | Noticed an orc knight
   768 | D        | Killed an orc knight
   769 | D        | Reached skill level 10 in Axes
   967 | D        | Received a gift from Trog
   972 | D        | Reached XP level 8. HP: 74/79 MP: 7/7
   994 | D        | Noticed a freezing wraith
  1008 | D        | Killed a freezing wraith
  1009 | D        | Reached skill level 10 in Fighting
  1009 | D        | Reached skill level 11 in Axes
  1229 | D        | Found a hide-covered altar of Uskayaw.
  1229 | D        | Found an ancient bone altar of Kikubaaqudgha.
  1229 | D        | Found a broken altar of Ashenzari.
  1256 | D        | Noticed a kobold demonologist
  1262 | D        | Noticed a rust devil
  1269 | D        | Noticed a hellwing
  1270 | D        | Killed a kobold demonologist
  1270 | D        | Reached ****** piety under Trog
  1270 | D        | Received a gift from Trog
  1271 | D        | Reached skill level 12 in Axes
  1271 | D        | Reached skill level 1 in Stealth
  1317 | D        | Noticed a guardian serpent
  1317 | D        | Noticed a nagaraja
  1317 | D        | Noticed a boulder beetle
  1324 | D        | Killed a boulder beetle
  1325 | D        | Reached skill level 13 in Axes
  1325 | D        | Reached XP level 9. HP: 89/89 MP: 8/8
  1327 | D        | Killed a guardian serpent
  1328 | D        | Reached skill level 14 in Axes
  1336 | D        | Killed a nagaraja
  1337 | D        | Reached skill level 15 in Axes
  1337 | D        | Reached XP level 10. HP: 23/99 MP: 9/9
  1644 | D        | Noticed a guardian serpent
  1645 | D        | Paralysed by a floating eye for 4 turns
  1656 | D        | Killed a guardian serpent
  1656 | D        | Received a gift from Trog
  1657 | D        | Reached skill level 16 in Axes
  1944 | D        | Noticed a manticore
  1946 | D        | Noticed Maurice
  1951 | D        | Killed a manticore
  1977 | D        | Killed Maurice
  2200 | D        | Noticed a two-headed ogre
  2200 | D        | Noticed a sun demon
  2204 | D        | Killed a two-headed ogre
  2208 | D        | Killed a sun demon
  2209 | D        | Reached skill level 17 in Axes
  2209 | D        | Reached skill level 5 in Dodging
  2374 | D        | Noticed a boulder beetle
  2380 | D        | Received a gift from Trog
  2386 | D        | Reached skill level 15 in Shields
  2387 | D        | Reached XP level 11. HP: 108/108 MP: 10/10
  2391 | D        | Killed a boulder beetle
  2391 | D        | Received a gift from Trog
  2392 | D        | Reached skill level 18 in Axes
  2443 | D        | Got a transparent war axe {god gift}
  2444 | D        | Identified the +8 war axe of Asurymen {vorpal, rPois Will+
                  | Stlth-} (Trog gifted it to you in the Dungeon)
  2493 | D        | Noticed a deep troll
  2502 | D        | Killed a deep troll
  2509 | D        | Received a gift from Trog
  2523 | D        | Got a translucent war axe {god gift}
  2524 | D        | Identified the +13 war axe of Intuition {antimagic, rPois
                  | rF+ Str+3} (Trog gifted it to you in the Dungeon)
  2553 | D        | Received a gift from Trog
  2560 | D        | Noticed an orc knight
  2576 | D        | Killed an orc knight
  2577 | D        | Reached skill level 19 in Axes
  2821 | D        | Noticed an anaconda
  2828 | D        | Killed an anaconda
  2828 | D        | Received a gift from Trog
  2829 | D        | Reached skill level 15 in Fighting
  2845 | D        | Noticed a spriggan defender
  2858 | D        | Killed a spriggan defender
  2859 | D        | Reached skill level 15 in Armour
  3162 | D        | Noticed Grum
  3169 | D        | Received a gift from Trog
  3175 | D        | Killed Grum
  3178 | D        | Noticed a lindwurm
  3182 | D        | Received a gift from Trog
  3188 | D        | Killed a lindwurm
  3190 | D        | Reached XP level 12. HP: 122/122 MP: 3/11
  3193 | D        | Received a gift from Trog
  3277 | D        | Noticed a two-headed ogre
  3285 | D        | Killed a two-headed ogre
  3285 | D        | Received a gift from Trog
  3286 | D        | Reached skill level 20 in Axes
  3547 | D        | Noticed a frost giant
  3547 | D        | Noticed a fire giant
  3555 | D        | Killed a frost giant
  3558 | D        | Received a gift from Trog
  3562 | D        | Killed a fire giant
  3722 | D        | Noticed a yellow draconian knight
  3737 | D        | Killed a yellow draconian knight
  3875 | D        | Noticed a storm dragon
  3884 | D        | Killed a storm dragon
  3884 | D        | Received a gift from Trog
  3936 | D        | Noticed Antaeus
  3970 | D        | Slain by Antaeus

Illustrated notes

Levels and vault maps discovered:
D:        pitsprint [storerooms_1, entrance_room_1, metal_vault_8, armoury_1,
          mini_pit_1, grid_room_1, main_hall_1, silver_pit, the_coven_1,
          the_vestibule_1, steel_vault_2, golden_pit, hallway_of_sentries,
          crystal_vault_2, iron_vault_2, final_vault]

Skill      XL: |  1  2  3  4  5  6  7  8  9 10 11 12 |
---------------+-------------------------------------+-----
Fighting       | 4 5 6 7 8 9 11 12 13 16 18 | 18.3
Armour         | 4 5 6 8 9 10 11 12 13 14 15 16 | 16.0
Shields        | 4 5 6 7 8 10 11 13 15 17 19 | 19.0
Axes           | 3 4 6 8 10 13 15 17 19 20 | 20.9
Dodging        | 1 2 3 4 5 6 8 |  8.5
Stealth        | 1 2 3 4 |  4.3

Action                   |  1- 3 |  4- 6 |  7- 9 | 10-12 || total
-------------------------+-------+-------+-------+-------++-------
Melee: War axe           |     6 |       |    24 |   200 ||   230
       Hand axe          |    35 |    50 |    38 |       ||   123
       Headbutt          |     8 |     8 |    15 |    49 ||    80
Invok: Berserk           |     1 |     1 |     4 |     9 ||    15
       Brothers in Arms  |       |       |       |     3 ||     3
       Trog's Hand       |       |       |       |     1 ||     1
  Use: Potion            |       |     2 |       |     7 ||     9
       Scroll            |       |       |       |     1 ||     1
Armor: Scale mail        |    13 |     1 |     9 |    34 ||    57
       Plate armour      |     3 |    76 |       |       ||    79
       Chain mail        |       |       |       |     3 ||     3
Dodge: Dodged            |    15 |    23 |    18 |    56 ||   112
Block: Kite shield       |    25 |    52 |    23 |   104 ||   204

Table legend: (Time is in decaauts)
 A = Elapsed time spent in this place.
 B = Non-inter-level travel time spent in this place.
 C = Inter-level travel time spent in this place.
 D = Time resting spent in this place.
 E = Time spent auto-exploring this place.
 F = Levels seen in this place.
 G = Mean time per level.
                   A        B        C        D        E       F      G
               +--------+--------+--------+--------+--------+-----+--------+
         Total |   4021 |   4021 |      0 |   2759 |     81 |   1 | 4021.0 |
       Dungeon |   4021 |   4021 |      0 |   2759 |     81 |   1 | 4021.0 |
               +--------+--------+--------+--------+--------+-----+--------+

Top non-repeatable levels by time:
       D: 4021 daAuts
